[Event "*** Titled Tuesday Blitz"]
[Site "Chess.com"]
[Date "2021.03.09"]
[Round "1"]
[White "BanjoKazooieN64"]
[Black "GMKrikor"]
[Result "0-1"]
[WhiteElo "2399"]
[BlackElo "2730"]
[TimeControl "180+1"]
[EndTime "10:09:02 PST"]
[Termination "GMKrikor won by resignation"]

1. e4 c5 2. Nc3 e6 3. Nf3 a6 4. d4 cxd4 5. Nxd4 b5 6. Bd3 Bb7 7. O-O Nc6 8. Nf3 d6 9. a3 Nf6 10. Re1 Be7 11. h3 O-O 12. Bf4 Rc8 13. Qe2 Nd7 14. Rad1 Qc7 15. Bg5 Nde5 16. Bxe7 Qxe7 17. Nb1 Nxf3+ 18. Qxf3 Nd4 19. Qg3 Nxc2 20. Bxc2 Rxc2 21. Qxd6 Qxd6 22. Rxd6 Rxb2 23. Rb6 Bxe4 24. Nc3 Bd3 25. Rd1 Bc4 26. Rd7 Rb3 27. Ne4 Rxa3 28. Nd6 e5 29.
Re7 Be6 30. Ra7 h6 31. Nxb5 Rb3 32. Raxa6 Rd8 33. Nc7 Rxb6 34. Rxb6 Ba2 35. Rb2 Bc4 36. Rb4 Rd4 37. Rb8+ Kh7 38. Rb7 Kg6 39. Rb6+ f6 40. Ne6 Rd2 41. g4 h5 42. gxh5+ Kh6 43. Rc6 Bxe6 44.
Rxe6 Kxh5 45. Kg2 Kg6 46. Kg3 Kf5 47. Ra6 Rd3+ 48. Kg2 g5 49. Ra4 Rd4 50. Ra6 Rf4 51. Rb6 Rh4 52. Ra6 Rh8 53. Rb6 Rf8 54. Rb4 e4 55.
Rb5+ Kf4 56. Rb4 f5 57. Rb3 Rc8 58. Rb7 Rc2 59. Rb4 Re2 60. Ra4 Rd2 61. Rb4 Rd3 62. Ra4 Rf3 63. Rb4 Rd3 64. Ra4 Ke5 65. Ra5+ Rd5 66.
Ra4 f4 67. Ra8 Kd4 68. Ra4+ Kd3 69. Ra3+ Ke2 70. Ra2+ Rd2 71. Ra5 f3+ 72. Kg3 Rd1 73. Ra2+ Rd2 74. Ra4 e3 75. Re4 Rd3 76. fxe3 f2 77.
Ra4 f1=Q 78. Ra2+ Rd2 0-1

[Event "*** Titled Tuesday Blitz"]
[Site "Chess.com"]
[Date "2021.03.09"]
[Round "1"]
[White "dodorox"]
[Black "Moon_stone123"]
[Result "1/2-1/2"]
[WhiteElo "2130"]
[BlackElo "2504"]
[TimeControl "180+1"]
[EndTime "10:09:07 PST"]
[Termination "Game drawn - insufficient material"]

1. d4 Nf6 2. c4 g6 3. Nc3 Bg7 4. e4 O-O 5. Nf3 d6 6. h3 Na6 7. Bg5 c6 8. Be2 e5 9. d5 h6 10. Be3 Nc5 11. Nd2 a5 12. a3 cxd5 13. cxd5 Nh7 14.
b4 axb4 15. axb4 Rxa1 16. Qxa1 Na6 17. b5 Nc5 18. Bxc5 dxc5 19. Nc4 f5 20. Qa7 Nf6 21.
Qxc5 Nxe4 22. Nxe4 fxe4 23. O-O Qg5 24. Kh2 h5 25. Nd6 Qe7 26. Nxb7 Qxb7 27. Qc6 Qf7 28.
d6 Bd7 29. Bc4 Bxc6 30. Bxf7+ Kxf7 31. bxc6 Ke6 32. Rd1 Bf6 33. Kg1 Ra8 34. Kf1 Ra6 35. d7 Bd8 36. c7 Bxc7 37. d8=Q Bxd8 38. Rxd8 Ra2 39. Rb8 Kf6 40. h4 Ra4 41. Rb6+ Kf5 42. g3 Ra1+ 43. Kg2 Ra2 44. Rb3 Kf6 45. Re3 Kf5 46.
Rb3 Ra4 47. Re3 Rd4 48. Rb3 Rd3 49. Rb8 e3 50. fxe3 Rxe3 51. Rb4 Ra3 52. Rb8 Rd3 53. Rb2 Rd4 54. Rb3 Ke6 55. Ra3 Rd6 56. Rb3 e4 57.
Kf2 Ke5 58. Rb5+ Kd4 59. Rb4+ Kd3 60. Rb3+ Kc2 61. Re3 Re6 62. Re2+ Kd3 63. Re3+ Kd4 64. Re1 Rf6+ 65. Ke2 e3 66. Ra1 Ke4 67. Ra4+ Ke5 68. Kxe3 Rf1 69. Ra5+ Kf6 70. Ra6+ Kg7 71. Ra5 Kh6 72. Ra6 Rb1 73. Ra5 Rb4 74. Rg5 Rg4 75.
Rxg4 hxg4 76. Kf4 Kh5 77. Ke5 g5 78. hxg5 Kxg5 79. Ke4 Kh5 80. Kf5 Kh6 81. Kf4 Kh5 82. Kf5 Kh6 83. Kxg4 Kg6 84. Kf4 Kf6 85. g4 Kg6 86. g5 Kg7 87. g6 Kxg6 1/2-1/2

[Event "*** Titled Tuesday Blitz"]
[Site "Chess.com"]
[Date "2021.03.09"]
[Round "1"]
[White "Alex-11211"]
[Black "anon102030"]
[Result "1/2-1/2"]
[WhiteElo "2391"]
[BlackElo "2698"]
[TimeControl "180+1"]
[EndTime "10:09:08 PST"]
[Termination "Game drawn by stalemate"]

1. e4 e5 2. Bc4 Nf6 3. Nc3 Nc6 4. d3 Bc5 5. f4 d6 6. Nf3 exf4 7. Bxf4 Be6 8. Bb3 d5 9. Bg5 dxe4 10. Nxe4 Be7 11.
Bxf6 Bxf6 12. Bxe6 fxe6 13. Nxf6+ Qxf6 14. Qe2 O-O-O 15. O-O-O e5 16. Rhe1 Rhe8 17. Kb1 h6 18. a3 g5 19. h3 a6 20. Qe4 Qd6 21. Re2 Re7 22. Rde1 Rf8 23.
Qc4 Kb8 24. Qc3 Rfe8 25. Re4 Qd5 26. R1e3 Qf7 27. Qe1 Qf6 28. Re2 Kc8 29. Qg3 Kb8 30. R2e3 Re6 31. h4 gxh4 32. Qxh4 Rg8 33. Qh2 Re7 34. Nxe5 Nxe5 35. Rxe5 Rxe5 36. Rxe5 Qf1+ 37. Ka2 Qxg2 38. Re8+ Ka7 39. Qxg2 Rxg2 40. Rh8 Rxc2 41. Rxh6 Rd2 42. Rh3 c6 43. Kb3 Kb6 44. Kc3 Rg2 45. Rh4 Rg1 46. Rb4+ Kc7 47. Rh4 b5 48. Rh5 Kb6 49.
Kc2 Rg2+ 50. Kc3 a5 51. Rf5 Rg1 52. Rh5 Rc1+ 53. Kd2 Rb1 54. Kc3 Rg1 55. Rf5 Rg4 56. Rh5 b4+ 57. axb4 axb4+ 58. Kc2 Rg2+ 59. Kb3 c5 60.
Rd5 Rd2 61. Kc4 Rc2+ 62. Kb3 Rd2 63. Rd6+ Kb5 64. Rd5 Rd1 65. Rd6 Rxd3+ 66. Rxd3 c4+ 67. Kc2 cxd3+ 68. Kxd3 Ka4 69. Kc4 b3 70. Kc3 Ka5 71.
Kc4 Ka4 72. Kc3 Ka5 73. Kxb3 Kb5 74. Kc3 Kc5 75. Kb3 Kb5 76. Ka3 Ka5 77. b4+ Kb5 78. Kb3 Kb6 79. Ka4 Ka6 80. Kb3 Kb5 81. Kc3 Kb6 82. Kc4 Kc6 83. b5+ Kb6 84. Kb4 Kb7 85. Kc5 Kc7 86. Kb4 Kb6 87. Ka4 Kb7 88. Ka5 Ka7 89. Kb4 Kb6 90. Kc4 Kb7 91. Kc5 Kc7 92. b6+ Kb7 93. Kb5 Kb8 94. Ka6 Ka8 95. b7+ Kb8 96. Kb6 1/2-1/2

[Event "*** Titled Tuesday Blitz"]
[Site "Chess.com"]
[Date "2021.03.09"]
[Round "1"]
[White "Cptn2"]
[Black "Goryachkina"]
[Result "1/2-1/2"]
[WhiteElo "2382"]
[BlackElo "2680"]
[TimeControl "180+1"]
[EndTime "10:09:12 PST"]
[Termination "Game drawn - insufficient material"]

1. e4 c5 2. Nf3 e6 3. c4 Nc6 4. Nc3 Nf6 5. Be2 d6 6. d4 cxd4 7. Nxd4 Be7 8. O-O O-O 9. Be3 Bd7 10. f4 a6 11. Qd2 Rc8 12. Rac1 Re8 13. Bf3 Bf8 14.
Rfd1 Qa5 15. Nxc6 Bxc6 16. Nd5 Qxd2 17. Nxf6+ gxf6 18. Rxd2 f5 19. exf5 exf5 20. Kf2 Bg7 21. b3 Re6 22. Re1 Rce8 23. Rd3 Bh6 24. g3 Bxf3 25. Kxf3 Kg7 26. Red1 f6 27. Bf2 Re2 28. Rxd6 Rxa2 29. Rd7+ Kg6 30. Rxb7 Ree2 31. Be3 Rxh2 32.
Rd8 Rh1 33. Rg8+ Kh5 34. Bc5 Rf1+ 35. Ke3 Re1+ 36. Kd3 Ree2 37. Rxh7 a5 38. Be3 Reb2 39. Rgh8 Rxb3+ 40. Kd4 Kg6 41. Rxh6+ Kf7 42. Kd5 Rxe3 43. R8h7+ Kg8 44. Ra7 Re8 45. Rxf6 Rd2+ 46. Kc5 Rc8+ 47. Kb5 Rb2+ 48. Ka6 Rxc4 49. Rxf5 a4 50. Rg5+ Kf8 51.
Rh5 Kg8 52. Rg5+ Kf8 53. Rd5 Rc8 54. Rb7 Rxb7 55. Kxb7 Rc3 56. g4 Rc4 57. Rf5+ Kg7 58. g5 a3 59. Ra5 Rxf4 60. Rxa3 Rf5 61. Rg3 Kg6 62. Kc6 Rxg5 63. Rd3 Rf5 64. Kd7 Rf6 65. Rd5 Rf5 66. Rd2 Rf7+ 67. Kc6 Rf6+ 68. Kc5 Rf5+ 69. Kc4 Rf4+ 70. Kd5 Rf5+ 71. Ke4 Rf6 72.
Rg2+ Kf7 73. Ke5 Re6+ 74. Kd5 Rf6 75. Rc2 Rf5+ 76. Ke4 Rf6 77. Rc7+ Kg6 78. Rc5 Re6+ 79. Kd4 Rf6 80. Rd5 Rf5 81. Kc5 Rxd5+ 82. Kxd5 1/2-1/2

[Event "*** Titled Tuesday Blitz"]
[Site "Chess.com"]
[Date "2021.03.09"]
[Round "1"]
[White "stoleriu"]
[Black "2Tilted"]
[Result "1-0"]
[WhiteElo "2602"]
[BlackElo "2298"]
[TimeControl "180+1"]
[EndTime "10:09:22 PST"]
[Termination "stoleriu won by checkmate"]

1. e4 c5 2. Nf3 e6 3. b3 b6 4. Bb2 Bb7 5. d3 d6 6. g3 Nd7 7. Bg2 Ngf6 8. O-O Be7 9. Nbd2 O-O 10. Re1 Qc7 11. d4 cxd4 12. Nxd4 d5 13. c4 dxe4 14. Nxe4 Nxe4 15. Bxe4 Bxe4 16. Rxe4 Nf6 17. Re1 Rfd8 18. Qf3 Bc5 19. Nb5 Qe7 20. Rad1 a6 21. Nc3 Rxd1 22. Qxa8+ Rd8 23. Qxa6 Rd2 24. Qa8+ Qf8 25. Qxf8+ Kxf8 26. Re2 Rxe2 27. Nxe2 e5 28. Bxe5 Bxf2+ 29. Kxf2 Ng4+ 30. Kf3 Nxe5+ 31. Ke4 f6 32. Nf4 g5 33. Nd5 Kf7 34. Nxb6 Ke6 35. a4 f5+ 36.
Ke3 Ng4+ 37. Kd4 Ne5 38. b4 f4 39. gxf4 gxf4 40. Ke4 f3 41. Ke3 Kf5 42. a5 f2 43.
Kxf2 Nd3+ 44. Ke3 Nxb4 45. Nd5 Nc6 46. a6 Ke5 47. Nb4 Na7 48. Nd3+ Kd6 49. Ke4 Kc6 50. Kf5 Kb6 51. Kf6 Kxa6 52. Kg7 Nc8 53. Kxh7 Nd6 54. c5 Ne4 55. Kg6 Kb5 56. h4 Kc4 57. c6 Nd6 58. h5 Nc8 59. h6 Ne7+ 60. Kf7 Nxc6 61. h7 Nd8+ 62. Ke8 Nc6 63. h8=Q Kxd3 64. Qh7+ Kc4 65.
Qf7+ Kd4 66. Qd7+ Kc5 67. Qf5+ Kc4 68. Kd7 Nd4 69. Qf7+ Kc5 70. Qe7+ Kc4 71. Qh4 Kc5 72. Qg5+ Kc4 73. Kd6 Nb5+ 74. Kc6 Nc3 75. Qf4+ Kd3 76. Kc5 Ne4+ 77. Kd5 Nc3+ 78. Ke5 Kc2 79. Qc4 Kd2 80.
Kf4 Ne2+ 81. Kf3 Nc3 82. Qb4 Kd3 83. Qd6+ Kc4 84. Ke3 Nd5+ 85. Ke4 Nc3+ 86. Ke5 Nb5 87. Qc6+ Kb4 88. Kd5 Nc3+ 89. Kd4 Nb5+ 90. Kd3 Ka5 91. Kc4 Na3+ 92. Kc5 Nc4 93. Qb5# 1-0

[Event "*** Titled Tuesday Blitz"]
[Site "Chess.com"]
[Date "2021.03.09"]
[Round "1"]
[White "moro182"]
[Black "Sjakkerntobi"]
[Result "1-0"]
[WhiteElo "2687"]
[BlackElo "2369"]
[TimeControl "180+1"]
[EndTime "10:09:24 PST"]
[Termination "moro182 won by resignation"]

1. d4 e6 2. Bf4 Nf6 3. e3 c5 4. Nf3 d5 5. Nbd2 Nc6 6. c3 Bd6 7. Bg3 O-O 8. Bb5 Ne7 9. Bd3 b6 10.
e4 dxe4 11. Nxe4 Nxe4 12. Bxe4 Nd5 13. dxc5 Bxc5 14. O-O Bb7 15. c4 f5 16. Bxd5 exd5 17. cxd5 Bxd5 18. Be5 Be4 19. Qb3+ Qd5 20. Qc3 Bxf3 21.
gxf3 Rf7 22. Rad1 Qb7 23. b4 Bf8 24. f4 Rc8 25. Qb3 Rc6 26. f3 Rg6+ 27. Kh1 Qe7 28. a3 h6 29. Rg1 Rxg1+ 30. Rxg1 Kh7 31. Qd3 Qe6 32. b5 Rd7 33. Qc3 Qf7 34. a4 Rd5 35. Qc2 Rd7 36. Rd1 Qe6 37. Rxd7 Qxd7 38. Kg2 Qe6 39.
Qd3 Qg6+ 40. Kf2 Qe6 41. Ke2 Bc5 42. Kd1 Qa2 43. Qxf5+ Kh8 44. Qc8+ Kh7 45. Qf5+ Kh8 46. Qd7 Qb3+ 47. Ke2 Qc2+ 48. Ke1 Qf2+ 49. Kd1 Qf1+ 50. Kc2 Qc4+ 51. Kd2 Bb4+ 52. Kd1 Qb3+ 53. Ke2 Qc2+ 54. Kf1 Qc1+ 55. Kg2 Qc2+ 56. Kh3 Qg6 57. Qc8+ Kh7 58. Qg4 Qf7 59. f5 Be7 60. Qg6+ Qxg6 61. fxg6+ Kxg6 62. Bb8 Bb4 63. Bxa7 Ba5 64. Kg4 Kf6 65. Kh5 Kf7 66. Bb8 Bb4 67. Bc7 Ba5 68. Be5 Kg8 69. Kg6 h5 70.
Bxg7 h4 71. Bd4 h3 72. Kh5 Bb4 73. Kg4 Bd6 74. Kxh3 Bc7 75. Kg4 Kf7 76. f4 Kg6 77.
h4 Kh7 78. h5 Kg8 79. Be5 Kh7 80. Bxc7 Kg8 81. Bxb6 Kf7 82. Bc5 Ke6 83. b6 Kd7 84. b7 Kc7 85. h6 Kxb7 86. h7 Kc6 87. h8=Q Kxc5 88. Qe5+ Kb4 89. Qb5+ Kc3 90. a5 Kd4 91. a6 Ke3 92. a7 Kd4 93. Qe5+ Kc4 94. a8=Q Kd3 95.
Qae4+ Kd2 96. Q5d4+ 1-0

[Event "*** Titled Tuesday Blitz"]
[Site "Chess.com"]
[Date "2021.03.09"]
[Round "1"]
[White "Blitzking642"]
[Black "Lagmantr"]
[Result "1/2-1/2"]
[WhiteElo "2410"]
[BlackElo "2740"]
[TimeControl "180+1"]
[EndTime "10:09:25 PST"]
[Termination "Game drawn by repetition"]

1. c4 c5 2. Nc3 Nc6 3. g3 g6 4.
Bg2 Bg7 5. Nf3 d6 6. O-O Nf6 7. d4 O-O 8. h3 cxd4 9. Nxd4 Nxd4 10. Qxd4 Be6 11. Qd3 Qd7 12. Kh2 Rac8 13. b3 Rfd8 14. Bb2 d5 15. Nxd5 Nxd5 16. Bxg7 Kxg7 17. cxd5 Bxd5 18.
Rfd1 Be6 19. Qxd7 Rxd7 20. Rxd7 Bxd7 21. Rd1 Rc7 22. Rd2 b6 23. Bf3 e5 24. Bd5 f5 25. e4 Kf6 26. Kg2 a5 27. a4 f4 28.
Bc4 Ke7 29. Rd5 Rc5 30. Rxc5 bxc5 31. h4 h6 32. Kf3 g5 33. hxg5 hxg5 34. Ke2 g4 35.
Kd3 Bc6 36. Bg8 Kd6 37. Bh7 Bd7 38. Bg8 Bc8 39. Bd5 Ba6+ 40. Kc3 Be2 41. Kd2 Bf3 42.
Kc3 c4 43. Kxc4 Be2+ 44. Kc3 Kc5 45. Be6 Bf3 46. Bf5 Bd1 47. Bg6 Be2 48. Bf5 Bf3 49.
Bg6 Bh1 50. Bf5 Bg2 51. Bg6 Bf1 52. Bf5 Be2 53. Bg6 Ba6 54. Bf5 Bb7 55. Bg6 Bc6 56. Bf5 Kb6 57. Bg6 Kc5 58. Bf5 Kd6 59. Bxg4 Bxe4 60.
gxf4 exf4 61. Be2 Kc5 62. Bc4 Bf5 63. Bf7 Bg4 64. Bg8 Bd1 65. Bf7 Bg4 66. Bg8 Bf5 67. Bf7 Bh7 68. Be6 Kd6 69. Bc4 Ke5 70. b4 axb4+ 71.
Kxb4 Kd4 72. a5 Be4 73. Bb5 Ba8 74. a6 Kd5 75. Be2 Kd6 76. Ka5 Kc7 77. Bd3 Bd5 78. Be2 Be4 79. Bc4 Bf3 80. Bd3 Bd5 81. Bb5 Be4 82.
Ba4 Bd5 83. Bc2 Bf3 84. Bd3 Bd5 1/2-1/2

[Event "*** Titled Tuesday Blitz"]
[Site "Chess.com"]
[Date "2021.03.09"]
[Round "1"]
[White "Mazetovic"]
[Black "CarrotsandPizza"]
[Result "0-1"]
[WhiteElo "2664"]
[BlackElo "2389"]
[TimeControl "180+1"]
[EndTime "10:09:29 PST"]
[Termination "CarrotsandPizza won by resignation"]

1. e4 c5 2. Nf3 Qb6 3. Nc3 Nc6 4. Bb5 e6 5. Bxc6 bxc6 6. O-O Ne7 7. e5 Ng6 8. d3 Be7 9. Re1 O-O 10. Ne4 Qc7 11. Ned2 Rb8 12. b3 f6 13. Nc4 fxe5 14. Ncxe5 Nf4 15.
Bb2 d6 16. Nc4 e5 17. Nfxe5 Bf6 18. Ng4 Bxb2 19. Nxb2 Qf7 20. Nc4 Qg6 21. h3 h5 22.
f3 hxg4 23. hxg4 Bd7 24. Qd2 Qf6 25. Rad1 Rbe8 26. Rxe8 Rxe8 27. Re1 Qd4+ 28. Kh2 Rxe1 29. Qxe1 Be6 30. Ne3 Qe5 31. g3 Nd5 32. Ng2 Qxe1 33.
Nxe1 Kf7 34. Kg1 Kf6 35. Kf2 Ke5 36. Ke2 Nc3+ 37. Ke3 Nxa2 38. f4+ Kf6 39. g5+ Kf5 40. Nf3 Kg4 41. Nh4 Kxg3 42. f5 Bg8 43. Ng6 Kg4 44.
Ne7 Kxg5 45. Nxg8 Kxf5 46. Ne7+ Kg4 47. Nxc6 a6 48. Nd8 Nb4 49. c4 g5 50. Nb7 Kh3 51. Nxd6 g4 52. Ne4 g3 53. Nd2 Nc2+ 54. Ke4 g2 55. Nf3 Kg3 56. Ng1 Nd4 57. b4 Kh2 58. bxc5 Kxg1 59. Kxd4 Kf1 60. c6 g1=Q+ 61. Kd5 Qg4 62.
d4 Qc8 63. Kc5 Ke2 64. d5 Ke3 65. d6 Ke4 66. Kb6 Qb8+ 67. Kc5 Ke5 68. c7 Qc8 69. Kc6 Ke6 70. c5 a5 71. Kb5 Kd7 72. Kxa5 Kc6 73.
Kb4 Qb7+ 74. Kc4 Qb5+ 75. Kd4 Kd7 76. Kd5 Qc6+ 77. Kc4 Qb7 78. Kd4 Ke6 79. Kc4 Qc6 80.
Kd4 Kd7 81. Kc4 Ke6 82. Kd4 Qa4+ 83. Kc3 Kd7 84. Kd3 Qf4 85. Kc3 Kc8 86. Kd3 Kb7 87. Kc3 Qe4 88. Kb3 Qd4 89. c6+ Kc8 90. d7+ Kxc7 0-1

[Event "*** Titled Tuesday Blitz"]
[Site "Chess.com"]
[Date "2021.03.09"]
[Round "1"]
[White "BashirliSaadat"]
[Black "PotapovaM"]
[Result "0-1"]
[WhiteElo "2170"]
[BlackElo "2521"]
[TimeControl "180+1"]
[EndTime "10:09:34 PST"]
[Termination "PotapovaM won by resignation"]

1. e4 c5 2. Nf3 d6 3. Bb5+ Nd7 4.
O-O a6 5. Bxd7+ Bxd7 6. c3 Nf6 7.
Re1 g6 8. d4 cxd4 9. cxd4 Bg7 10. e5 dxe5 11. dxe5 Ng4 12. Bf4 O-O 13. h3 Nh6 14. Nc3 Bc6 15. Nd4 Nf5 16. Nxc6 bxc6 17. Qxd8 Rfxd8 18. Rad1 Nd4 19. Kf1 Kf8 20. Re3 Nc2 21.
Red3 Rxd3 22. Rxd3 Ke8 23. Rd2 Nb4 24. a3 Nd5 25. Nxd5 cxd5 26. Rxd5 Rc8 27. Ke2 Rc6 28. Be3 Re6 29. f4 f6 30. exf6 Bxf6 31. Kf3 Bxb2 32.
a4 Kf7 33. g4 Rc6 34. f5 Rc4 35. fxg6+ hxg6 36. Ra5 Rc3 37. Kf2 Rc2+ 38. Kf3 Rc3 39. Kf2 Rc6 40. g5 Re6 41. Rd5 Bc3 42. Rd3 Bb4 43. Rb3 a5 44. Rd3 Rc6 45. Rd4 Rc2+ 46. Kf3 Ra2 47. Rf4+ Ke8 48. Rh4 Rxa4 49. Rh8+ Kd7 50.
Rg8 Ra3 51. Kf2 Ra2+ 52. Kf3 Rh2 53. Kg3 Bd6+ 54. Kg4 Rg2+ 55. Kf3 Rg3+ 56. Ke4 Rxh3 57. Rxg6 a4 58. Rh6 Rg3 59. g6 a3 60. Rh1 Rxg6 61.
Ra1 Re6+ 62. Kd3 Re5 63. Bf4 Rd5+ 64. Ke4 Ra5 65. Bxd6 Kxd6 66. Kd4 Ra4+ 67. Kc3 Kd5 68. Rd1+ Ke6 69. Re1+ Kf7 70. Ra1 e5 71. Kd3 Ke6 72.
Ke3 Kd5 73. Kd3 e4+ 74. Ke3 Ke5 75. Rb1 a2 76. Ra1 Ra3+ 77. Kd2 Kd4 78. Ke2 e3 79. Ke1 Kd3 80. Kd1 Ra8 81. Ke1 Ra7 82. Kd1 Rh7 83. Kc1 Rh1+ 84. Kb2 Rxa1 85. Kxa1 e2 0-1

[Event "*** Titled Tuesday Blitz"]
[Site "Chess.com"]
[Date "2021.03.09"]
[Round "1"]
[White "DenLaz"]
[Black "LileKoridze"]
[Result "1-0"]
[WhiteElo "2839"]
[BlackElo "2442"]
[TimeControl "180+1"]
[EndTime "10:10:34 PST"]
[Termination "DenLaz won by checkmate"]

1. d4 Nf6 2. c4 e6 3. Nf3 d5 4. Nc3 Bb4 5. Bg5 O-O 6. e3 h6 7. Bxf6 Qxf6 8. Qb3 Bxc3+ 9. Qxc3 dxc4 10. Qxc4 c6 11.
Be2 Nd7 12. Qc3 c5 13. O-O b6 14. Bb5 cxd4 15. Qxd4 Qxd4 16. Nxd4 Nc5 17. b4 Nd7 18. Rfc1 Nf6 19. Bc6 Rb8 20. a4 Bb7 21. Kf1 Nd5 22. b5 g6 23. Ke2 Kg7 24. g3 Rfc8 25. Bxb7 Rxc1 26. Rxc1 Rxb7 27. e4 Nf6 28. f3 Rd7 29. Ke3 Ne8 30. Nc6 Rc7 31. Rd1 Nf6 32. Rd8 Nd7 33. Ra8 Nc5 34. Rxa7 Rxa7 35. Nxa7 Nxa4 36. Kd4 Kf6 37. Kc4 Nb2+ 38. Kc3 Na4+ 39. Kb4 Nc5 40. Nc8 Nd7 41. Kc4 Ke5 42. Kd3 g5 43. Ke3 f5 44.
f4+ gxf4+ 45. gxf4+ Kf6 46. e5+ Kf7 47. Kf3 Kg6 48. Kg3 Kg7 49. Kh4 Kg6 50. Nd6 Nc5 51. Nc4 Nd7 52. Kg3 Kf7 53. h3 Kg7 54. Kf3 Kf7 55. Ke3 Kg7 56. Kf2 Kf7 57. Kg2 Kg7 58. Kg3 Kf7 59. Kh4 Kg6 60. Kg3 Kf7 61. Kf3 Kg7 62. Ne3 Nc5 63. Nc2 Nd7 64. Nd4 Nc5 65.
Kg3 Kf7 66. Kh4 Kg6 67. Kg3 Kf7 68. Kf3 Kg6 69. Ne2 Kf7 70. Ke3 Kg6 71. Ng3 Kf7 72.
Kd4 Nb3+ 73. Kc3 Nc5 74. h4 Kg6 75. h5+ Kf7 76. Nf1 Ne4+ 77. Kd4 Nc5 78. Ne3 Nb3+ 79. Kc3 Nc5 80. Nc4 Nd7 81. Kd4 Ke7 82. Nd6 Nf8 83.
Nc8+ Kd8 84. Nxb6 Kc7 85. Nc4 Nd7 86. Nd6 Nb6 87. Nf7 Nd5 88. Nxh6 Nxf4 89. Nxf5 exf5 90.
h6 Ng6 91. h7 Nh8 92. e6 Ng6 93. b6+ Kd6 94. b7 Kc7 95. e7 Nxe7 96. h8=Q Nc6+ 97.
Ke3 Kxb7 98. Kf4 Kb6 99. Qb2+ Kc7 100. Kxf5 Kd6 101. Ke4 Kc5 102. Qc3+ Kd6 103. Qd2+ Kc7 104. Qd5 Kb6 105. Qd6 Kb7 106. Kd5 Nb8 107. Kc5 Na6+ 108. Kb5 Nc7+ 109. Ka5 Kc8 110. Kb6 Na8+ 111. Kc6 Nb6 112. Qc7# 1-0

[Event "*** Titled Tuesday Blitz"]
[Site "Chess.com"]
[Date "2021.03.09"]
[Round "1"]
[White "Matensien"]
[Black "Fighterman91"]
[Result "1/2-1/2"]
[WhiteElo "2375"]
[BlackElo "2673"]
[TimeControl "180+1"]
[EndTime "10:11:02 PST"]
[Termination "Game drawn by repetition"]

1. d4 Nf6 2. c4 g6 3. Nf3 Bg7 4. Nc3 d5 5. cxd5 Nxd5 6. e4 Nxc3 7. bxc3 c5 8. Be3 Qa5 9. Qd2 O-O 10. Be2 Nc6 11.
Rc1 cxd4 12. cxd4 Qxd2+ 13. Kxd2 Rd8 14. Kc3 Bg4 15. e5 Rac8 16. Kb2 f6 17. exf6 Bxf6 18. Rhd1 Bxf3 19. Bxf3 Nxd4 20. Bxd4 Rxd4 21. Rxc8+ Rd8+ 22. Kb3 Rxc8 23. Rd7 Rc3+ 24. Kb4 Rc2 25. a4 Rxf2 26. Rxb7 Rb2+ 27. Kc4 Rxb7 28. Bxb7 Be5 29. h3 Kg7 30. Kd5 Kf6 31. Bc8 Bc3 32. Bd7 a5 33. Bc8 Bb4 34.
Bd7 h6 35. Bc8 h5 36. Bd7 Kg5 37. Ke4 Kf6 38. Be8 h4 39. Bd7 g5 40. Be8 e6 41.
Bd7 Ke7 42. Bb5 Kd6 43. Bc4 Bd2 44. Bb3 Bf4 45. Ba2 e5 46. Bb3 Kc5 47. Bd1 Kb4 48.
Kd5 Kc3 49. Ke4 Kc4 50. Bc2 Kc3 51. Bd1 Kd2 52. Bb3 Ke2 53. Bd5 Kd2 54. Bc6 Kc3 55.
Bb5 Kb4 56. Bc6 Kc5 57. Bb5 Kb4 58. Bc6 Kc3 59. Bb5 Kd2 60. Kf3 Ke1 61. Bc6 Bg3 62. Bb5 Kd1 63. Bc6 Kd2 64. Bb5 Kc3 65. Bc6 Kd4 66. Bb5 e4+ 67. Ke2 Bf4 68. Bc6 Bd6 69.
Bb5 Bc5 70. Bc6 Bb6 71. Bb5 Bc7 72. Bc6 Bd6 73. Bb5 Bc5 74. Bc6 Ke5 75. Bb7 Bb6 76. Bc6 Ba7 77. Bb7 Bb8 78. Bc6 Bc7 79. Bb7 Kf4 80. Bc6 Bd6 81. Bb7 Bc5 82. Bc6 Bb4 83.
Bb7 Ba3 84. Bc6 Bb2 85. Bb7 e3 86. Bc6 Bd4 87. Bb7 Ba7 88. Bc6 Ke5 89. Bb7 Kd6 90.
Be4 Kc5 91. Bf5 Kc4 92. Bd7 Kb4 93. Bc6 Kc5 94. Bd7 Kd6 95. Bb5 Ke5 96. Bc6 Kd6 97. Bb7 Ke6 98. Bc6 Kf5 99. Bb7 Kf4 100. Bc6 Kg3 101.
Bb7 Bb6 102. Bc6 Bc5 103. Bd5 Be7 104. Kxe3 g4 105. hxg4 Kxg4 106. Kd3 Bb4 107. Bc6 Kf4 108. Bd5 Kg3 109. Bc6 Be7 110. Bd5 Bd8 111. Bc6 Bf6 112. Bd5 Be7 113. Bc6 Bb4 114. Kc4 Kf4 115. Kb5 Ke5 116. Bf3 Kd6 117. Be4 Ke6 118. Bf3 Ke5 119. Bc6 Kf4 120. Bd5 Kg3 121. Bc6 Bc3 122. Bd5 Bd2 123. Bc6 Bc1 124. Bd5 Bd2 125. Bc6 Be1 126. Bd5 h3 127. gxh3 Kxh3 128. Bc6 Kg3 129. Bd5 Kf4 130. Bc6 Ke5 131. Bd7 Kd4 132. Bc6 Ke5 133. Bd7 Kd6 134. Bc6 Kc7 135. Be8 Kb8 136. Bc6 Ka7 137. Bd5 Bb4 138. Bc6 Be1 139. Bd5 Bb4 140. Bc6 Bd2 141. Bd5 Kb8 142. Bc6 Kc7 143. Bd5 Kd6 144. Bc6 Bc3 145. Be4 Bb4 146. Bc6 Ke5 147. Bb7 Kd4 148. Bc6 Ke5 149. Bb7 Ke6 150. Bc6 Ke7 151. Bb7 Kd6 152. Bc6 Ke5 1/2-1/2

[Event "*** Titled Tuesday Blitz"]
[Site "Chess.com"]
[Date "2021.03.09"]
[Round "1"]
[White "Isajevsky_Anton"]
[Black "anon219"]
[Result "1-0"]
[WhiteElo "2467"]
[BlackElo "2855"]
[TimeControl "180+1"]
[EndTime "10:11:31 PST"]
[Termination "Isajevsky_Anton won by checkmate"]

1. c4 e6 2. Nf3 d5 3. e3 Nf6 4. Nc3 c5 5. cxd5 exd5 6. d4 Nc6 7. Bb5 Bd6 8. dxc5 Bxc5 9. O-O O-O 10. b3 Bg4 11. Bxc6 bxc6 12. Bb2 Re8 13. Rc1 Bd6 14. Ne2 Rc8 15. Ng3 h5 16. h3 Bd7 17. Ne2 Ne4 18. Nf4 Bxf4 19. exf4 Bf5 20. Nd4 Qd7 21. Qxh5 Bg6 22.
Qg4 Qxg4 23. hxg4 c5 24. Nf3 f6 25. Rfd1 Bf7 26. Nd2 Nd6 27. Ba3 Nb5 28. Bxc5 Re2 29. Kf1 Re6 30. a4 Rec6 31. b4 Nd6 32. Nb3 Ne4 33. f3 Nxc5 34. Rxc5 Rxc5 35. Nxc5 a5 36. Nd3 axb4 37. Nxb4 Rc4 38. Nxd5 Rxa4 39. f5 Kh7 40. Kf2 Ra2+ 41. Kg3 Kg8 42. Nf4 Kf8 43. Rd7 Ke8 44. Rb7 Ra6 45. Nh5 g6 46. fxg6 Bxg6 47. Nf4 Bf7 48.
Nd3 Rd6 49. Nf4 Kf8 50. Kh4 Rd4 51. Kg3 Rd6 52. Rb8+ Kg7 53. Rb2 Rd4 54. Ne2 Rd6 55. Ng1 Rd5 56. Nh3 Rd4 57. g5 f5 58. Nf4 Ra4 59.
Rb7 Kg8 60. g6 Be8 61. Rb8 Kf8 62. g7+ Kxg7 63. Rxe8 Kf7 64. Re2 Kf6 65. Nh3 Kg6 66. Kf2 Kf6 67. g3 Kg6 68. Nf4+ Kf6 69. Re6+ Kf7 70. Re1 Kf6 71. Re2 Kf7 72. Rb2 Ra3 73.
Kg2 Kf6 74. Ne2 Re3 75. Rd2 Kf7 76. Nd4 Kf6 77. Kf2 Ra3 78. f4 Kg6 79. Nf3 Kf6 80. Rd6+ Ke7 81. Rb6 Ra2+ 82. Ke3 Ra3+ 83. Ke2 Ra2+ 84. Kf1 Ra3 85. Kg2 Ra2+ 86. Kh3 Ra3 87. Nd4 Ra5 88. Kh4 Kf7 89. Kg5 Ra8 90. Rb7+ Ke8 91.
Nxf5 Ra5 92. Rh7 Kf8 93. g4 Ra6 94. Rb7 Ra5 95. Rb6 Ra7 96. Kf6 Rf7+ 97. Ke5 Rd7 98. Rb8+ Kf7 99. Rb6 Ra7 100. g5 Ra5+ 101. Ke4 Ra4+ 102. Kf3 Ra1 103. Rf6+ Kg8 104. Ng3 Ra3+ 105. Kg4 Ra5 106. Rb6 Kg7 107. f5 Ra4+ 108. Kh5 Ra3 109. Rb7+ Kg8 110. Kg6 Kf8 111. f6 Ke8 112. Nf5 Ra6 113. Re7+ Kf8 114. Rf7+ Ke8 115. Rh7 Kd8 116. Nh6 Ke8 117. Nf7 Kf8 118. Ne5 Ke8 119. Kf5 Kd8 120. g6 Kc8 121. g7 Kb7 122. g8=Q+ Kb6 123. Qb3+ Ka5 124. Qa3+ Kb5 125. Qxa6+ Kxa6 126. f7 Kb5 127. f8=Q Ka4 128. Qd6 Kb3 129. Qc7 Kb2 130. Rh8 Kb1 131. Rb8+ Ka1 132. Qa7# 1-0

[Event "*** Titled Tuesday Blitz"]
[Site "Chess.com"]
[Date "2021.03.09"]
[Round "2"]
[White "barbara25"]
[Black "vladimirdamjanovic"]
[Result "0-1"]
[WhiteElo "2249"]
[BlackElo "2471"]
[TimeControl "180+1"]
[EndTime "10:13:50 PST"]
[Termination "vladimirdamjanovic won by resignation"]

1. e4 Nc6 2. d4 d5 3. e5 Bf5 4. Bd3 Nxd4 5. c3 Bxd3 6. Qxd3 Nc6 7. f4 e6 8. Nf3 Bc5 9. Be3 Bxe3 10. Qxe3 Nge7 11.
Nbd2 Nf5 12. Qd3 Qe7 13. O-O h5 14. b4 h4 15. a4 a6 16. b5 Qc5+ 17. Kh1 Ng3+ 0-1

[Event "*** Titled Tuesday Blitz"]
[Site "Chess.com"]
[Date "2021.03.09"]
[Round "2"]
[White "MillyNeuf"]
[Black "FontVella8"]
[Result "0-1"]
[WhiteElo "2284"]
[BlackElo "2489"]
[TimeControl "180+1"]
[EndTime "10:13:52 PST"]
[Termination "FontVella8 won by resignation"]

1. e4 e5 2. Nf3 Nc6 3. Bc4 Bc5 4. O-O Nf6 5. d3 d6 6. c3 h6 7. a4 a5 8. Nbd2 O-O 9. h3 Be6 10. Re1 Qb8 11. Bxe6 fxe6 12. Nf1 Qa7 13. Be3 Nh5 14.
Qd2 Nf4 15. Bxc5 Qxc5 16. Rad1 Nxh3+ 17. gxh3 Rxf3 18. Kg2 Raf8 19. Ne3 Ne7 20. Qe2 Ng6 21. Qxf3 Nh4+ 0-1

[Event "*** Titled Tuesday Blitz"]
[Site "Chess.com"]
[Date "2021.03.09"]
[Round "2"]
[White "kidagent"]
[Black "goldihouse"]
[Result "0-1"]
[WhiteElo "2302"]
[BlackElo "2554"]
[TimeControl "180+1"]
[EndTime "10:14:21 PST"]
[Termination "goldihouse won by resignation"]

1. e4 e6 2. d4 d5 3. Nd2 Nc6 4. Ngf3 Nf6 5. e5 Nd7 6. Bb5 f6 7. exf6 Qxf6 8. c3 Bd6 9. O-O O-O 10. Re1 e5 11. dxe5 Ncxe5 12. Nxe5 Qxf2+ 13. Kh1 Nxe5 14. Nb3 c6 15. Be3 Qh4 16. Be2 Ng4 0-1

[Event "*** Titled Tuesday Blitz"]
[Site "Chess.com"]
[Date "2021.03.09"]
[Round "2"]
[White "dretch"]
[Black "atwalcb"]
[Result "1-0"]
[WhiteElo "2843"]
[BlackElo "2536"]
[TimeControl "180+1"]
[EndTime "10:14:50 PST"]
[Termination "dretch won by resignation"]

1. d4 d6 2. Nf3 Bg4 3. Nbd2 Nd7 4. h3 Bh5 5. g4 Bg6 6. Nh4 e5 7. Nxg6 hxg6 8. c3 Ngf6 9. Bg2 c6 10. Qb3 Qb6 11. Nc4 Qxb3 12. axb3 e4 13. g5 Nh5 14.
Na5 b6 15. Nxc6 a5 16. Bxe4 Rc8 17. Na7 Rd8 18. b4 axb4 19. Nc6 Rc8 20. Nxb4 Be7 21.
Ra7 1-0